 Dungeon Crawl Stone Soup version 0.32-a0-996-gb3226c2 (webtiles) character file.

Game seed: 12297304509849835738

2302 sdynet the Thaumaturge (level 9, -13/74 HPs)
             Began as an Oni Air Elementalist on Apr 23, 2024.
             Was a Follower of Cheibriados.
             Mangled by Jeremiah the polar bear (22 damage)
             ... on level 7 of the Dungeon.
             The game lasted 00:34:14 (8335 turns).

sdynet the Thaumaturge (Oni Air Elementalist)       Turns: 8335, Time: 00:34:14

Health: -13/74     AC:  4    Str: 16    XL:     9   Next: 40%
Magic:  1/23       EV:  9    Int: 22    God:    Cheibriados [*.....]
Gold:   473        SH:  0    Dex: 16    Spells: 2/28 levels left

rFire   . . .        a - +5 sling "Ninia" {flame, Dex+5}
rCold   . . .        (no shield)
rNeg    . . .        f - +0 robe
rPois   .            (helmet restricted)
rElec   .            u - +0 cloak
rCorr   .            (gloves unavailable)
SInv    +            (boots unavailable)
Will    +....        (no amulet)
Stlth   ++           w - ring of see invisible
HPRegen 0.32/turn    (no ring)
MPRegen 0.18/turn

%: no passive effects
@: enlightened, flying (expiring), very slow
A: large, unfitting armour, horns 1, tough skin 1, double potion healing,
drunken brawling
a: Renounce Religion, Bend Time


You were on level 7 of the Dungeon.
You worshipped Cheibriados.
Cheibriados was aware of your devotion.
You visited 2 branches of the dungeon, and saw 11 of its levels.

You collected 473 gold pieces.

Inventory:

Hand Weapons
 a - the +5 sling "Ninia" (weapon) {flame, Dex+5}
   (You found it on level 5 of the Dungeon)

   Dex+5:     It affects your dexterity (+5).
 b - a +5 vampiric whip
 n - a +0 sling of draining
Missiles
 g - a throwing net
 p - 5 silver javelins
 r - 3 atropa-tipped darts
Armour
 f - a +0 robe (worn)
 u - a +0 cloak (worn)
Jewellery
 w - a ring of see invisible (left hand)
Talismans
 c - a serpent talisman
Wands
 d - a wand of flame (22)
 t - a wand of polymorph (6)
 X - a wand of mindburst (7)
Potions
 e - a potion of attraction
 j - a potion of magic {!q}
 q - 2 potions of curing {!q}


   Skills:
 - Level 1.7 Dodging
 - Level 1.4 Stealth
 - Level 10.0 Spellcasting
 + Level 3.4 Conjurations
 - Level 1.3 Ice Magic
 - Level 6.4 Air Magic
 + Level 3.0 Alchemy
 - Level 1.0 Invocations


You had 2 spell levels left.
You knew the following spells:

 Your Spells              Type           Power      Damage    Failure   Level
a - Shock                 Conj/Air       100%       1d9       1%          1
b - Static Discharge      Conj/Air       64%        3-6/arc   1%          2
c - Airstrike             Air            19%        2d(3-19)  4%          4
d - Searing Ray           Conj           52%        2d6       2%          2
e - Fulminant Prism       Conj/Alch      12%        3d9       16%         4
f - Hailstorm             Conj/Ice       21%        3d7       7%          3
g - Irradiate             Conj/Alch      12%        3d15      41%         5
q - Blink                 Tloc           22%        N/A       9%          2
s - Swiftness             Air            39%        N/A       1%          3

Your spell library contained the following spells:

 Spells                   Type           Power      Damage    Failure   Level
 Magic Dart               Conj           100%       1d8       1%          1
 Freeze                   Ice            64%        1d7       3%          1
 Call Imp                 Summ           22%        N/A       9%          2
 Frozen Ramparts          Ice            32%        1d5       11%         3
 Ozocubu's Armour         Ice            16%        N/A       11%         3
 Summon Ice Beast         Ice/Summ       13%        N/A       14%         3
 Fugue of the Fallen      Necr           11%        N/A       19%         3
 Inner Flame              Hex/Fire       11%        N/A       19%         3
 Sculpt Simulacrum        Ice/Alch       10%        N/A       98%         6
 Permafrost Eruption      Ice/Erth       6%         2x4d3     100%        6
 Manifold Assault         Tloc           5%         N/A       100%        7
 Ignition                 Fire           5%         3d4       100%        8


Dungeon Overview and Level Annotations

Branches:
Dungeon (10/15)            Temple (1/1) D:6
   Lair: D:8-11         Orc: D:9-12

Altars:
Cheibriados
Elyvilon
Fedhas
Hepliaklqana
Kikubaaqudgha
Makhleb
Nemelex Xobeh
Okawaru
Ru
Trog
Uskayaw
Vehumet
Wu Jian
Xom
Zin
The Shining One

Shops:
D:2 [*

Annotations:
D:7 Jeremiah, Maurice


Innate Abilities, Weirdness & Mutations

You are too large for most types of armour.
You have a pair of small horns on your head.
You have tough skin. (AC +1)
You gain doubled healing and magic from potions.
Whenever you drink a healing potion, you attack all around you.


Message History

Jeremiah bites you. Jeremiah claws you but does no damage.
Jeremiah closely misses you.
The searing ray misses Jeremiah.
Jeremiah closely misses you. Jeremiah claws you. Jeremiah barely misses you.
The searing ray hits Jeremiah.
Jeremiah is heavily wounded.
Jeremiah closely misses you.
Jeremiah claws you but does no damage. x2
The searing ray hits Jeremiah but does no damage.
Jeremiah is heavily wounded.
You finish channelling your searing ray.
Jeremiah barely misses you. x3
Aiming: Mindburst
Press: ? - help, Shift-Dir - straight line, f/p - Jeremiah
Aim: Jeremiah the polar bear (heavily wounded, chance to affect: 64%) Jeremiah's mind is blasted!
You are starting to lose your buoyancy.
Jeremiah bites you. Jeremiah claws you. Jeremiah claws you but does no damage.
Aiming: Mindburst
Press: ? - help, Shift-Dir - straight line, f/p - Jeremiah
Aim: Jeremiah the polar bear (almost dead, chance to affect: 64%) Jeremiah struggles to resist.
Jeremiah goes berserk!
Aiming: Mindburst
Press: ? - help, Shift-Dir - straight line, f/p - Jeremiah
Aim: Jeremiah the polar bear (almost dead, berserk, chance to affect: 64%) Jeremiah struggles to resist.
Jeremiah bites you!!
* * * LOW HITPOINT WARNING * * *
Jeremiah claws you.
* * * LOW HITPOINT WARNING * * *
Jeremiah closely misses you.
Your magical contamination has completely faded away.
Aiming: Mindburst
Press: ? - help, Shift-Dir - straight line, f/p - Jeremiah
Aim: Jeremiah the polar bear (almost dead, berserk, chance to affect: 64%) Jeremiah struggles to resist.
Jeremiah completely misses you. Jeremiah claws you.
* * * LOW HITPOINT WARNING * * *
Jeremiah claws you but does no damage. Jeremiah bites you!!
You die...
Cheibriados appreciates the motionlessness of death.

#...#
#.#.b...#.#.#.#
#...#
#.#.#...#.....#'#
##'##
#.#.#............
#.#
#.#.#.#..###.....
#.# #.#.#...b#
..... #.#
#.#)#.....F ...)
#.# #.#...###.
#.# #)# #h#..f# #
.# #.# #@#...#
#.# #.#...#
########.# #.#
#........# #.#
#.######## #.#
##.##### #.#
.......# #.#
.......# #.#
.......#


You could see Jeremiah the polar bear (berserk).

Vanquished Creatures
  A steam dragon (D:7)
  An orc warrior (D:6)
  A sky beast (D:7)
  2 ice beasts
  A boggart (D:7)
  A centaur (D:7)
  2 phantoms
  A kobold brigand (D:6)
  A gnoll sergeant (D:6)
  A bullfrog (D:6)
  4 scorpions
  Dowan (D:7)
  4 killer bees (D:9)
  A bombardier beetle (D:4)
  3 jellies
  3 orc priests
  3 hounds
  A sleepcap (D:6)
  Terence (D:3)
  An iguana (D:7)
  5 orc wizards
  Robin (D:3)
  8 gnolls (D:6)
  8 adders
  2 white imps (D:6)
  4 ufetubi
  4 dart slugs
  34 orcs
  3 ball pythons
  8 bats
  11 endoplasms
  3 giant cockroaches
  13 goblins
  6 hobgoblins
  3 jackals (D:2)
  3 quokkas
  3 frilled lizards (D:1)
  4 kobolds
  4 rats
161 creatures vanquished.

Vanquished Creatures (others)
  4 fulminant prisms (D:7)
4 creatures vanquished.

Grand Total: 165 creatures vanquished

Notes
Turn   | Place    | Note
-------+----------+-------------------------------------------
     0 | D:1      | sdynet the Oni Air Elementalist began the quest for the
                  | Orb.
     0 | D:1      | Reached XP level 1. HP: 16/16 MP: 3/3
    21 | D:1      | Reached skill level 1 in Conjurations
   162 | D:1      | Reached XP level 2. HP: 24/24 MP: 1/5
   178 | D:1      | Reached skill level 3 in Spellcasting
   225 | D:1      | Learned a level 2 spell: Static Discharge
   968 | D:2      | Reached XP level 3. HP: 22/31 MP: 1/8
  1048 | D:2      | Learned a level 3 spell: Swiftness
  1128 | D:2      | Found Luczaod's Antique Armour Emporium.
  1261 | D:2      | Reached skill level 4 in Spellcasting
  1261 | D:2      | Reached XP level 4. HP: 39/39 MP: 10/10
  1301 | D:2      | Found Kythrub's General Store.
  2434 | D:3      | Noticed Terence
  2459 | D:3      | Killed Terence
  2460 | D:3      | Reached XP level 5. HP: 44/45 MP: 11/11
  2633 | D:3      | Noticed Robin
  2645 | D:3      | Killed Robin
  2931 | D:4      | Learned a level 4 spell: Airstrike
  2999 | D:4      | Reached skill level 5 in Spellcasting
  3022 | D:4      | Reached XP level 6. HP: 26/53 MP: 2/14
  3237 | D:3      | Learned a level 2 spell: Searing Ray
  3445 | D:4      | Reached skill level 6 in Spellcasting
  3522 | D:4      | Found a glowing silver altar of Zin.
  3871 | D:5      | Entered Level 5 of the Dungeon
  3950 | D:5      | Reached XP level 7. HP: 27/59 MP: 6/16
  4287 | D:5      | Identified the +5 sling "Ninia" {flame, Dex+5}
  4818 | D:5      | Learned a level 2 spell: Blink
  4823 | D:5      | Learned a level 4 spell: Fulminant Prism
  5307 | D:6      | Reached skill level 5 in Air Magic
  5419 | D:6      | Reached skill level 7 in Spellcasting
  5419 | D:6      | Reached skill level 1 in Alchemy
  5632 | D:6      | Reached XP level 8. HP: 67/67 MP: 13/18
  6113 | D:6      | Reached skill level 8 in Spellcasting
  6279 | D:6      | Found a staircase to the Ecumenical Temple.
  6301 | Temple   | Entered the Ecumenical Temple
  6364 | Temple   | Became a worshipper of Cheibriados the Contemplative
  6962 | D:7      | Noticed Jeremiah
  7122 | D:7      | Noticed Duvessa
  7123 | D:7      | Noticed Dowan
  7132 | D:7      | Killed Dowan
  7133 | D:7      | Reached skill level 9 in Spellcasting
  7133 | D:7      | Reached XP level 9. HP: 53/69 MP: 11/22
  7146 | D:7      | HP: 3/69 [Duvessa/+0 short sword (8)]
  7376 | D:7      | Duvessa changed into Duvessa the boggart
  7376 | D:7      | Noticed Duvessa
  7382 | D:7      | Killed Duvessa the boggart
  7572 | D:7      | You fall into a shaft and drop 3 floors!
  7572 | D:10     | Entered Level 10 of the Dungeon
  7585 | D:10     | Learned a level 3 spell: Hailstorm
  7656 | D:9      | Reached * piety under Cheibriados
  7831 | D:7      | Found a white marble altar of Elyvilon.
  7967 | D:7      | Reached skill level 1 in Invocations
  8227 | D:7      | Learned a level 5 spell: Irradiate
  8256 | D:7      | Reached skill level 10 in Spellcasting
  8256 | D:7      | Reached skill level 1 in Ice Magic
  8308 | D:7      | Noticed Maurice
  8322 | D:7      | Jeremiah changed into Jeremiah the polar bear
  8322 | D:7      | Noticed Jeremiah
  8335 | D:7      | Mangled by Jeremiah the polar bear

Illustrated notes

Levels and vault maps discovered:
D:1:      roderic_crop_circles_arrival_small, layout_basic, st_stairs_14,
          solitary_fountain
D:2:      layout_loops_ring, serial_shops, nicolae_shop_pleasant_corner_grove,
          nicolae_diamond_shop, minmay_misc_feat_cross, minmay_misc_feat_alley
D:3:      layout_rooms, kennysheep_generic_room_11, uniq_robin, uniq_terence
D:4:      layout_cave_pools, mainiacjoe_overflow_catwalk
D:5:      layout_loops_cross, serial_aquarium, aquarium_bridge_island_small
          [aquarium_subvault_small_water, aquarium_subvault_bridge,
          aquarium_subvault_balcony, aquarium_subvault_wall,
          aquarium_subvault_bridge], aquarium_bridge_straight
          [aquarium_subvault_bridge, aquarium_subvault_wall,
          aquarium_subvault_bridge, aquarium_subvault_wall],
          aquarium_window_corner, aquarium_window_fake, aquarium_window_corner,
          aquarium_view_2b, aquarium_view_2b, aquarium_balcony_1a,
          serial_bayou_lake_a
D:6:      layout_loops_ring, minmay_temple_entry_offerings,
          grunt_decor_resistance
D:7:      layout_basic, elyvilon_altar_3, uniq_jeremiah, uniq_duvessa,
          uniq_maurice
D:8:      minmay_polygon_palace, layout_basic,
          nicolae_gozag_cash_rules_everything_around_me,
          nicolae_qazlal_eye_of_the_storm, gammafunk_temple_overflow_wave,
          nicolae_zen_rock_garden
D:9:      layout_basic, lemuel_mausoleum_altar_yredelemnul,
          mainiacjoe_overflow_tiny_flanked, david_orc_2, worms_lemuel,
          uniq_erica
D:10:     layout_loops_ring, erik_lair_dragon, st_stairs_14, grunt_ministairs_8
Temple:   compressed_dpeg_circular_temple

Skill      XL: |  1  2  3  4  5  6  7  8  9 |
---------------+----------------------------+-----
Conjurations   | 1 2 3 |  3.4
Spellcasting   | 3 4 5 6 7 9 10 | 10.0
Air Magic      | 3 4 5 6 |  6.4
Alchemy        | 1 2 3 |  3.0
Invocations    | 1 |  1.0
Ice Magic      | 1 |  1.3
Dodging        | |  1.7
Stealth        | |  1.4

Action                     |  1- 3 |  4- 6 |  7- 9 || total
---------------------------+-------+-------+-------++-------
  Melee: Unarmed           |    26 |       |       ||    26
         Headbutt          |     4 |     7 |     1 ||    12
         Whip              |    13 |    29 |    11 ||    53
   Fire: Sling             |       |    22 |    46 ||    68
  Throw: Dart              |       |       |     5 ||     5
   Cast: Shock             |    46 |    15 |       ||    61
         Static Discharge  |     2 |    28 |    30 ||    60
         Searing Ray       |       |    17 |    49 ||    66
         Fulminant Prism   |       |       |     4 ||     4
         Airstrike         |       |       |     2 ||     2
         Hailstorm         |       |       |     1 ||     1
  Evoke: Wand              |       |    10 |    21 ||    31
    Use: Scroll            |     1 |     6 |     9 ||    16
         Potion            |       |     4 |     7 ||    11
   Stab: Invisible         |       |     1 |       ||     1
 Armour: Robe              |    38 |    80 |   150 ||   268
  Dodge: Dodged            |    23 |    35 |    75 ||   133

Table legend: (Time is in decaauts)
 A = Elapsed time spent in this place.
 B = Non-inter-level travel time spent in this place.
 C = Inter-level travel time spent in this place.
 D = Time resting spent in this place.
 E = Time spent auto-exploring this place.
 F = Levels seen in this place.
 G = Mean time per level.
                   A        B        C        D        E       F      G
               +--------+--------+--------+--------+--------+-----+--------+
         Total |   8690 |   8023 |    667 |    288 |   6378 |  11 |  790.0 |
       Dungeon |   8593 |   7957 |    636 |    288 |   6378 |  10 |  859.3 |
        Temple |     96 |     65 |     31 |      0 |      0 |   1 |   96.0 |
               +--------+--------+--------+--------+--------+-----+--------+

Top non-repeatable levels by time:
     D:6: 1596 daAuts
     D:7: 1380 daAuts
     D:5: 1323 daAuts
     D:2: 1181 daAuts
     D:3: 975 daAuts
     D:1: 928 daAuts
     D:4: 916 daAuts
     D:9: 179 daAuts
  Temple: 96 daAuts
     D:8: 95 daAuts
    D:10: 16 daAuts
